 Dungeon Crawl Stone Soup version 0.21-a0-265-gb353147 (console) character file.

212 removed the Conjurer (level 5, -5/38 HPs)
             Began as a Demigod Venom Mage on Sept 10, 2017.
             Slain by a gnoll
             ... wielding a +0 whip
              (7 damage)
             ... on level 3 of the Dungeon.
             The game lasted 00:05:49 (3996 turns).

removed the Conjurer (Demigod Venom Mage)           Turns: 3996, Time: 00:05:49

Health: -5/38      AC:  2    Str: 11    XL:     5   Next: 31%
Magic:  10/19      EV: 12    Int: 21    God:
Gold:   96         SH:  0    Dex: 16    Spells: 6/7 levels left

rFire    . . .     SeeInvis .   y - +0 trident
rCold    . . .     Gourm    .   (no shield)
rNeg     . . .     Faith    .   a - +0 robe
rPois    .         Spirit   .   (no helmet)
rElec    .         Reflect  .   (no cloak)
rCorr    .         Harm     .   (no gloves)
MR       .....                  (no boots)
Stlth    ++........             (no amulet)
HPRegen  0.12/turn              q - ring of magical power
MPRegen  0.16/turn              w - ring of flight

@: drained
A: high mp 1
a: Evoke Flight


You were on level 3 of the Dungeon.
You were very hungry.

You visited 1 branch of the dungeon, and saw 4 of its levels.

You collected 96 gold pieces.

Inventory:

Hand Weapons
 k - a +0 dagger
 y - a +0 trident (weapon)
Armour
 a - a +0 robe (worn)
Jewellery
 d - an uncursed ring of ice
 q - a ring of magical power (left hand)
 r - an uncursed amulet of harm
 w - a ring of flight (right hand)
Wands
 u - a wand of clouds (6/9)
 v - a wand of polymorph (18/24)
Scrolls
 h - 2 scrolls of enchant weapon {unknown}
 i - 2 scrolls of remove curse {unknown}
 m - 2 scrolls of random uselessness {unknown}
 A - a scroll of immolation {unknown}
 B - a scroll of identify {unknown}
 D - a scroll of fear {unknown}
 E - 2 scrolls of amnesia {unknown}
Potions
 g - a potion of flight {unknown}
 j - 2 potions of heal wounds {unknown}
 l - a potion of curing {unknown}
 n - a potion of ambrosia {unknown}
 o - a potion of haste {unknown}
 x - a potion of degeneration {unknown}
 z - a potion of cancellation {unknown}
 C - a potion of lignification {unknown}
Books
 b - a Young Poisoner's Handbook

   Spells                             Type                      Level
   a - Sting                          Conjuration/Poison           1
   b - Poisonous Vapours              Poison/Air                   2
   c - Mephitic Cloud                 Conjuration/Poison/Air       3
   d - Olgreb's Toxic Radiance        Poison                       4
   e - Venom Bolt                     Conjuration/Poison           5
Comestibles
 c - a bread ration
 t - a royal jelly


   Skills:
 - Level 1.7(0.8) Dodging
 - Level 1.7(0.8) Stealth
 - Level 1.7(0.8) Spellcasting
 + Level 5.1(4.1) Conjurations
 - Level 2.6(1.7) Poison Magic


You had 6 spell levels left.
You knew the following spells:

 Your Spells              Type           Power        Failure   Level  Hunger
a - Sting                 Conj/Pois      ##..         4%          1    ##.....


Dungeon Overview and Level Annotations

Branches:
Dungeon (4/15)
 Temple: D:4-7


Innate Abilities, Weirdness & Mutations

You have an increased reservoir of magic. (+10% MP)


Message History

Unknown command.
Casting: Sting
Confirm with . or Enter, or press ? or * to list all spells.
Aiming: Sting
Press: ? - help, Shift-Dir - straight line, f/p - gnoll
Aim: a gnoll, wielding a whip (moderately wounded)
The sting hits the gnoll.
The gnoll is poisoned.
The gnoll is heavily wounded.
The gnoll barely misses you.
Unknown command.
Unknown command.
Casting: Sting
Confirm with . or Enter, or press ? or * to list all spells.
Aiming: Sting
Press: ? - help, Shift-Dir - straight line, f/p - gnoll
Aim: a gnoll, wielding a whip (heavily wounded, poisoned)
The sting hits the gnoll.
The gnoll is severely wounded.
The gnoll hits you with a whip!
You die...

#............
#............
##......((...
#.###...#.#.. #.#
#...._... #.#
#g..#.#.. #.#
#........
######.###........
#@g..............[
######....######..
#............
#..<.........
#............
#............
#....####....
#............
#...........)


You could see a gnoll.

Vanquished Creatures
  An orc priest (D:3)
  2 gnolls
  5 adders
  A shadow imp (D:3)
  2 oozes (D:1)
  3 worms
  2 dart slugs
  3 leopard geckos (D:2)
  3 orcs (D:3)
  6 bats
  5 giant cockroaches
  6 goblins
  12 hobgoblins
  14 jackals
  2 frilled lizards (D:2)
  8 kobolds
  5 rats
80 creatures vanquished.

Notes
Turn   | Place    | Note
-------+----------+-------------------------------------------
     0 | D:1      | removed the Demigod Venom Mage began the quest for the Orb.
     0 | D:1      | Reached XP level 1. HP: 14/14 MP: 5/5
    18 | D:1      | Reached skill level 1 in Conjurations
   320 | D:1      | Reached skill level 2 in Conjurations
   320 | D:1      | Reached XP level 2. HP: 11/20 MP: 2/7
  1108 | D:2      | Reached skill level 3 in Conjurations
  1108 | D:2      | Reached XP level 3. HP: 18/26 MP: 1/8
  1943 | D:2      | Reached XP level 4. HP: 27/33 MP: 9/9
  2317 | D:2      | Reached skill level 4 in Conjurations
  2538 | D:3      | Found an iron altar of Okawaru.
  2654 | D:3      | Found a sparkling altar of Nemelex Xobeh.
  2950 | D:3      | Reached XP level 5. HP: 38/38 MP: 10/10
  3422 | D:3      | Found a shattered altar of Ashenzari.
  3671 | D:4      | Reached skill level 5 in Conjurations
  3673 | D:4      | Noticed an ogre
  3994 | D:3      | HP: 1/38 [gnoll/whip (10)]
  3996 | D:3      | Slain by a gnoll

Vault maps used:
D:1:      dpeg_arrival_tiny_a
D:2:      moated_statue
D:3:      okawaru_trees_2, nemelex_xobeh_ov_fountains_minmay, ashenzari_altar_1
D:4:      lemuel_round_altar, first_bread, uniq_edmund

Skill      XL: |  1  2  3  4  5 |
---------------+----------------+-----
Conjurations   | 2 3 4 5 |  5.1
Dodging        | |  1.7
Stealth        | |  1.7
Spellcasting   | |  1.7
Poison Magic   | |  2.6

Action                   |  1- 3 |  4- 6 || total
-------------------------+-------+-------++-------
Melee: Dagger            |    19 |       ||    19
       Trident           |       |    15 ||    15
 Cast: Sting             |    96 |   134 ||   230
  Eat: Chunk             |     4 |    10 ||    14
Armor: Robe              |     5 |    11 ||    16
Dodge: Dodged            |    21 |    78 ||    99

Table legend:
 A = Spawn XP
 B = Non-spawn XP
 C = Spawn XP percentage of total XP
 D = Spawn monster count
 E = Non-spawn monster count
 F = Spawn count percentage of total count
 G = Total turns spent on level
                    A         B        C        D         E        F      G
               +---------+---------+-------+---------+---------+-------+---------
         Total |       0 |     303 |   0.0 |       0 |      80 |   0.0 |  3996
               +---------+---------+-------+---------+---------+-------+---------
           D:1 |       0 |      33 |   0.0 |       0 |      11 |   0.0 |   871
           D:2 |       0 |     117 |   0.0 |       0 |      40 |   0.0 |  1852
           D:3 |       0 |     139 |   0.0 |       0 |      28 |   0.0 |  1261
           D:4 |       0 |      14 |   0.0 |       0 |       1 |   0.0 |    12
               +---------+---------+-------+---------+---------+-------+---------
